 Dungeon Crawl Stone Soup version 0.25-a0-105-g2289b3b9f1 (console) character file.

Game seed: 11600886157719624283, levelgen mode: deterministic

245 Kagalorn the Shooter (level 5, -1/46 HPs)
             Began as a Centaur Hunter on Nov 16, 2019.
             Slain by a gnoll
             ... wielding a +0 flail
              (7 damage)
             ... on level 4 of the Dungeon.
             The game lasted 00:09:00 (2815 turns).

Kagalorn the Shooter (Centaur Hunter)               Turns: 2815, Time: 00:09:00

Health: -1/46      AC:  6    Str: 15    XL:     5   Next: 83%
Magic:  5/5        EV:  7    Int: 10    God:
Gold:   161        SH:  0    Dex: 10    Spells: 4/4 levels left

rFire    . . .     SeeInvis .   a - +1 shortbow
rCold    . . .     Gourm    .   (shield currently unavailable)
rNeg     . . .     Faith    .   j - +0 scale mail (curse)
rPois    .         Spirit   .   (no helmet)
rElec    .         Reflect  .   (no cloak)
rCorr    .         Harm     .   (no gloves)
MR       .....                  (no barding)
Stlth    ..........             (no amulet)
HPRegen  0.15/turn              (no ring)
MPRegen  0.09/turn              (no ring)

@: confused, lethally poisoned (-1 -> -4), very quick
A: large, hooves 3, deformed body, speed 2, tough skin 3
a: no special abilities


You were on level 4 of the Dungeon.
You were very hungry.

You visited 1 branch of the dungeon, and saw 4 of its levels.

You collected 161 gold pieces.

Inventory:

Hand Weapons
 a - a +1 shortbow (weapon)
 b - a +0 spear
Missiles
 d - 15 arrows (quivered)
Armour
 h - a +0 plate armour
 j - a cursed +0 scale mail (worn)
Jewellery
 g - an uncursed amulet of the gourmand {unknown}
Scrolls
 i - a scroll of amnesia {unknown}
 k - 2 scrolls of teleportation {unknown}
 m - 2 scrolls of blinking {unknown}
 o - a scroll of noise {unknown}
 p - 4 scrolls of identify {unknown}
 q - a scroll of random uselessness {unknown}
 r - 2 scrolls of enchant armour {unknown}
 t - a scroll of fog {unknown}
Potions
 c - 2 potions of heal wounds {unknown}
 e - 2 potions of ambrosia {unknown}
 l - 2 potions of curing {unknown}
 n - a potion of magic {unknown}
 s - a potion of agility {unknown}
Comestibles
 f - 8 rations


   Skills:
 + Level 3.9 Fighting
 * Level 4.1 Polearms
 - Level 5.3 Bows
 - Level 1.3 Dodging
 - Level 0.4 Stealth


You had 4 spell levels left.
You didn't know any spells.
Your spell library was empty.

Dungeon Overview and Level Annotations

Branches:
Dungeon (4/15)
 Temple: D:4-7

Altars:
Fedhas
Hepliaklqana
Wu Jian

Annotations:
D:3 Grinder


Innate Abilities, Weirdness & Mutations

You have hooves in place of feet.
Armour fits poorly on your strangely shaped body.
You cover ground very quickly.
You have extremely tough skin. (AC +3)


Message History

You feel sick.
Firing (i - inventory)
d - 18 arrows (quivered)
Press: ? - help, Shift-Dir - straight line, f/p - orc wizard
Aim: an orc wizard, wielding a +0 dagger and wearing a +0 robe (severely wounded)
You shoot an arrow. The arrow barely misses you.
The orc wizard hits you but does no damage.
Firing (i - inventory)
d - 17 arrows (quivered)
Press: ? - help, Shift-Dir - straight line, f/p - orc wizard
Aim: an orc wizard, wielding a +0 dagger and wearing a +0 robe (severely wounded)
You shoot an arrow. The arrow hits the orc wizard.
The orc wizard is almost dead.
You feel sick.
The orc wizard hits you but does no damage.
Firing (i - inventory)
d - 16 arrows (quivered)
Press: ? - help, Shift-Dir - straight line, f/p - orc wizard
Aim: an orc wizard, wielding a +0 dagger and wearing a +0 robe (almost dead)
You shoot an arrow. The arrow hits the gnoll!
The gnoll is severely wounded.
The gnoll hits you with a +0 flail!
You die... ...#... #.#..#..# #.#..#..# #.#.....## #.#......
PPP #### #......# PP_ ..# #......##.# P.PP

#.# #).@.......
PPP.##.###.go...####
#..#...##......# #..
#......g...(#.(# #.#
####...#####.$.#
#.## ##g## #.#...
... #.# #.######..
##### #.# ##.## #.#
#..<< #.# ##...##
#.####g###


You could see a gnoll sergeant, an orc wizard and 2 gnolls.

Vanquished Creatures
  Jessica (D:2)
  Terence (D:2)
  5 gnolls
  6 adders (D:2)
  An adder skeleton (D:4)
  3 dart slugs
  A worm (D:2)
  4 leopard geckos
  2 orcs (D:4)
  A ball python (D:2)
  7 bats
  3 giant cockroaches
  10 hobgoblins
  5 kobolds
  7 frilled lizards
  13 goblins
  7 rats
77 creatures vanquished.

Notes
Turn   | Place    | Note
-------+----------+-------------------------------------------
     0 | D:1      | Kagalorn the Centaur Hunter began the quest for the Orb.
     0 | D:1      | Reached XP level 1. HP: 17/17 MP: 1/1
   117 | D:1      | Reached XP level 2. HP: 16/25 MP: 2/2
   579 | D:2      | Reached skill level 1 in Polearms
   631 | D:2      | Reached XP level 3. HP: 31/31 MP: 3/3
   839 | D:2      | Reached XP level 4. HP: 34/38 MP: 4/4
  1070 | D:2      | Noticed Jessica
  1076 | D:2      | Killed Jessica
  1517 | D:2      | Reached XP level 5. HP: 42/46 MP: 5/5
  1623 | D:2      | Found an ornate altar of the Wu Jian Council.
  1850 | D:2      | Noticed Terence
  1883 | D:2      | Killed Terence
  2087 | D:3      | Noticed Grinder
  2090 | D:3      | Paralysed by Grinder for 4 turns
  2156 | D:4      | Found a hazy altar of Hepliaklqana.
  2803 | D:4      | Found a blossoming altar of Fedhas.
  2815 | D:4      | Slain by a gnoll

Levels and vault maps discovered:
D:1:      dpeg_arrival_oval, layout_basic
D:2:      minmay_recursive_quarters, layout_basic,
          lemuel_coloured_pillars_altar, uniq_jessica, uniq_terence
D:3:      layout_loops_ring, uniq_grinder, uniq_sigmund
D:4:      layout_loops_ring, kennysheep_mini, fedhas_altar_3,
          gammafunk_temple_overflow_forgotten, first_ration, lightli_minifort

Skill      XL: |  1  2  3  4  5 |
---------------+----------------+-----
Fighting       | 3 |  3.9
Polearms       | 1 2 3 4 |  4.1
Bows           | |  5.3
Dodging        | |  1.3
Stealth        | |  0.4

Action                   |  1- 3 |  4- 6 || total
-------------------------+-------+-------++-------
Melee: Unarmed           |    42 |       ||    42
       Kick              |    17 |    19 ||    36
       Spear             |    70 |   105 ||   175
       Short sword       |     3 |       ||     3
 Fire: Shortbow          |    20 |    43 ||    63
  Eat: Ration            |       |     1 ||     1
Armor: Leather armour    |    20 |       ||    20
       Scale mail        |    46 |    47 ||    93
Dodge: Dodged            |    44 |    40 ||    84

Table legend:
 A = Non-vault XP
 B = Vault XP
 C = Vault XP percentage of total XP
 D = Non-vault monster count
 E = Vault monster count
 F = Vault count percentage of total count
                 A         B        C        D         E       F
            +---------+---------+-------+---------+---------+-------
      Total |     222 |     128 |  36.6 |      65 |      12 |  15.6
            +---------+---------+-------+---------+---------+-------
        D:1 |      33 |       0 |   0.0 |      19 |       0 |   0.0
        D:2 |     121 |     100 |  45.2 |      33 |      10 |  23.3
        D:3 |      56 |       0 |   0.0 |       9 |       0 |   0.0
        D:4 |      12 |      28 |  70.0 |       4 |       2 |  33.3
            +---------+---------+-------+---------+---------+-------
